 Dungeon Crawl Stone Soup version 0.13-a0-1536-gedae9ec (webtiles) character file.

144 Kae the Charmwright (level 3, -1/27 HPs)
             Began as a Demonspawn Skald on June 10, 2013.
             Was an Initiate of Nemelex Xobeh.
             Slain by a black bear (2 damage)
             ... summoned by the player character
             ... on Level 1 of the Dungeon.
             The game lasted 00:02:38 (1245 turns).

Kae the Charmwright (Demonspawn Skald)              Turns: 1245, Time: 00:02:38

HP  -1/27        AC  3     Str 12      XL: 3   Next:  7%
MP   2/4         EV 10     Int 13      God: Nemelex Xobeh [......]
Gold 113         SH  0     Dex 13      Spells:  2 memorised,  2 levels left

Res.Fire  : . . .   See Invis. : .   a - +1 hand axe (flame) {=f}
Res.Cold  : . . .   Warding    : .   b - +0 leather armour
Life Prot.: . . .   Conserve   : .   (no shield)
Res.Poison: .       Res.Corr.  : .   (no helmet)
Res.Elec. : .       Clarity    : .   (no cloak)
Sust.Abil.: . .     Spirit.Shd : .   (no gloves)
Res.Mut.  : .       Stasis     : .   (no boots)
Res.Rott. : .       Flight     : .   (no amulet)
Saprovore : . . .                    (no ring)
                                     (no ring)

@: not resistant to hostile enchantments, fairly stealthy
A: nightstalker 1
a: Renounce Religion


You were on level 1 of the Dungeon.
You worshipped Nemelex Xobeh.
Nemelex Xobeh was pleased with you.
You were very hungry.

You visited 1 branch of the dungeon, and saw 2 of its levels.

You collected 93 gold pieces.

Inventory:

Hand weapons
 a - a +1,+1 hand axe of flaming (weapon) {=f}
Armour
 b - a +0 leather armour (worn)
Comestibles
 f - 3 bread rations
 g - a meat ration
 l - an apple
Scrolls
 e - a scroll of enchant weapon II {unknown}
 k - a scroll of identify {unknown}
Potions
 d - a potion of berserk rage
 i - a potion of resistance {unknown}
Books
 c - a book of War Chants

   Spells                             Type                      Level
   *Fire Brand                        Charms/Fire                  2
   Freezing Aura                      Charms/Ice                   2
   Shroud of Golubria                 Charms/Translocation         2
   *Repel Missiles                    Charms/Air                   2
   Poison Weapon                      Charms/Poison                3
   Regeneration                       Charms/Necromancy            3
Miscellaneous
 h - a plain deck of changes
 j - a plain deck of summonings {drawn: 1}


   Skills:
 + Level 2.5 Fighting
 + Level 2.4 Axes
 - Level 0.8 Armour
 - Level 0.8 Dodging
 + Level 2.3 Spellcasting
 + Level 2.6 Charms
 + Level 0.1 Fire Magic


You had 2 spell levels left.
You knew the following spells:

 Your Spells              Type           Power        Failure   Level  Hunger
a - Fire Brand            Chrm/Fire      #.........   21%         2    ###....
b - Repel Missiles        Chrm/Air       #.........   24%         2    ###....


Dungeon Overview and Level Annotations

Branches:
Dungeon (2/27)

Altars:
Nemelex Xobeh


Innate Abilities, Weirdness & Mutations

You are slightly more attuned to the shadows.


Message History

There is a stone staircase leading down here.
Wield which item (- for none, * to show all)? (? for menu, Esc to quit)
a - a +1,+1 hand axe (weapon)
{=f} The black bear bites you but does no damage.
The black bear claws you but does no damage.
The black bear misses you.
Cast which spell? (? or * to list)
Your +1,+1 hand axe {=f} bursts into flame!
The black bear misses you. The black bear claws you.
* * * LOW HITPOINT WARNING * * *
The black bear barely misses you.
You hit the black bear. You burn the black bear.
The black bear is lightly wounded.
The black bear bites you.
* * * LOW HITPOINT WARNING * * *
The black bear claws you.
* * * LOW HITPOINT WARNING * * *
The black bear claws you.
You die...
Your body disappears without a glow.

#.##.# #.##### ###.##.########
#.....# #.............# #####.#
## #.#..########.# #.# #. #.#..#
#.# #.# #. #.#..# #.# #.# #.
##.#..# #.# #####.# #.
#.....########.###...#.# #.
######.....##...@U..>.....#.####.
...........##.#####..............
#####.......#.# #...##....#####
####.........#####...#######
#..........####.........#
##.####..................# ...#
#..................# ####
#############...#### #...#


You could see a black bear.

Vanquished Creatures
  An adder (D:2)
  3 giant geckos
  2 giant cockroaches (D:1)
  4 goblins (D:1)
  4 hobgoblins
  3 bats
  A giant newt (D:1)
  A kobold (D:1)
  A rat (D:1)
20 creatures vanquished.

Notes
Turn   | Place    | Note
--------------------------------------------------------------
     0 | D:1      | Kae, the Demonspawn Skald, began the quest for the Orb.
     0 | D:1      | Reached XP level 1. HP: 16/16 MP: 1/1
   377 | D:1      | Found a sparkling altar of Nemelex Xobeh.
   393 | D:1      | Became a worshipper of Nemelex Xobeh
   442 | D:1      | Gained mutation: You are slightly more attuned to the shadows. [demonic ancestry]
   442 | D:1      | Reached XP level 2. HP: 12/22 MP: 3/3
   607 | D:1      | Received a gift from Nemelex Xobeh
  1016 | D:1      | Learned a level 2 spell: Fire Brand
  1019 | D:1      | Learned a level 2 spell: Repel Missiles
  1160 | D:2      | Reached XP level 3. HP: 19/27 MP: 4/4
  1214 | D:2      | Noticed a black bear
  1245 | D:1      | HP: 1/27 [black bear[the player character] (1)]
  1245 | D:1      | Slain by a black bear

Action                   || total
-------------------------++-------
Melee: Hand axe          ||    82
 Cast: Fire Brand        ||     1
Evoke: Deck              ||     1
